 Dungeon Crawl Stone Soup version 0.25-a0-737-g26c3a87c45 (webtiles) character file.

Game seed: 1424299504685383945, levelgen mode: classic

19537 Amnesiac the Geomancer (level 12, -15/106 HPs)
             Began as a Ghoul Earth Elementalist on Apr 11, 2020.
             Was a High Priest of Vehumet.
             Demolished by an orc warlord
             ... wielding a +3 great mace
              (43 damage)
             ... on level 11 of the Dungeon.
             The game lasted 00:34:17 (12580 turns).

Amnesiac the Geomancer (Ghoul Earth Elementalist)  Turns: 12580, Time: 00:34:18

Health: -15/106    AC: 14    Str: 13    XL:     12   Next: 70%
Magic:  8/32       EV: 15    Int: 14    God:    Vehumet [*****.]
Gold:   1212       SH:  0    Dex:  9    Spells: 11/27 levels left

rFire    + . .     SeeInvis +   a - +1 hunting sling
rCold    + + .     Gourm    .   (no shield)
rNeg     + + +     Faith    .   w - +2 robe {rC+ rF+}
rPois    ∞         Spirit   .   F - +0 mask of the Dragon {MR+ Slay+3 SInv}
rElec    .         Reflect  .   M - +2 cloak
rCorr    .         Harm     +   k - +2 pair of gloves
MR       +....                  j - +1 pair of boots
Stlth    ++........             c - amulet of harm
HPRegen  0.00/turn              m - +2 ring of protection
MPRegen  0.23/turn              s - ring of magical power

@: rotting
A: rotting body, claws 1, carnivore, cold resistance 1, negative energy
resistance 3, inhibited regeneration, torment resistance, unbreathing
a: Renounce Religion


You were on level 11 of the Dungeon.
You worshipped Vehumet.
Vehumet was extremely pleased with you.
You were hungry.

You visited 3 branches of the dungeon, and saw 13 of its levels.
You also visited: Sewer.

You collected 1294 gold pieces.
You spent 82 gold pieces at shops.

Inventory:

Hand Weapons
 a - a +1 hunting sling (weapon)
 b - a +2 scimitar of flaming
Missiles
 x - 5 curare-tipped darts
 y - 16 sling bullets (quivered)
 A - 15 poisoned darts
 J - 59 stones
Armour
 j - a +1 pair of boots (worn)
 k - a +2 pair of gloves (worn)
 w - a +2 robe of resistance (worn)
 F - the +0 mask of the Dragon (worn) {MR+ Slay+3 SInv}
   (You found it on level 9 of the Dungeon)

   It affects your accuracy and damage with ranged weapons and melee attacks
   (+3).
   It affects your resistance to hostile enchantments.
   It lets you see invisible.
 M - a +2 cloak (worn)
Jewellery
 c - an amulet of harm (around neck)
 l - an uncursed ring of wizardry
 m - a +2 ring of protection (left hand)
 s - a ring of magical power (right hand)
 D - an uncursed ring of see invisible
Wands
 B - a wand of random effects (13)
 E - a wand of digging (23)
 L - a wand of disintegration (16)
Scrolls
 f - 4 scrolls of remove curse {!r}
 g - 4 scrolls of magic mapping {!r}
 h - 10 scrolls of teleportation {!r}
 p - 2 scrolls of blinking {!r}
 q - 2 scrolls of fear {!r}
 t - a scroll of vulnerability {!r}
 v - 2 scrolls of identify {!r}
 G - a scroll of fog {!r}
Potions
 e - 2 potions of haste {!q}
 i - 2 potions of curing {!q}
 o - 2 potions of stabbing {!q}
 r - a potion of might {!q}
 u - a potion of flight {!q}
 z - a potion of magic {!q}
Comestibles
 d - 23 rations


   Skills:
 - Level 10.0 Fighting
 - Level 7.0 Dodging
 - Level 2.1 Stealth
 + Level 8.4 Spellcasting
 - Level 0.8 Transmutations
 + Level 3.2 Ice Magic
 * Level 14.6 Earth Magic


You had 11 spell levels left.
You knew the following spells:

 Your Spells              Type           Power        Failure   Level  Hunger
a - Sandblast             Erth           #####.       1%          1    None
b - Passwall              Tmut/Erth      ####....     1%          2    None
c - Petrify               Tmut/Erth      ####....     4%          4    ####...
d - Hailstorm             Conj/Ice       ##......     17%         4    ####...
e - Lee's Rapid Deconstr  Erth           #####.....   1%          5    #####..

Your spell library contained the following spells:

 Spells                   Type           Power        Failure   Level  Hunger
 Stone Arrow              Conj/Erth      ####..       1%          3    ##.....


Dungeon Overview and Level Annotations

Branches:
Dungeon (11/15)            Temple (1/1) D:5            Lair (0/6) D:11
    Orc (1/2) D:11          Sewer (visited)

Altars:
Ashenzari
Cheibriados
Dithmenos
Elyvilon
Fedhas
Gozag
Hepliaklqana
Kikubaaqudgha
Makhleb
Nemelex Xobeh
Okawaru
Qazlal
Ru
Sif Muna
Trog
Uskayaw
Vehumet
Wu Jian
Xom
Yredelemnul
Zin
The Shining One

Shops:
D:6 (   D:7 *   D:8 ?


Innate Abilities, Weirdness & Mutations

Your body is rotting away.
You thrive on raw meat.
You are immune to poison.
You have sharp fingernails.
You are carnivorous and can eat meat at any time.
Your flesh is cold resistant. (rC+)
You are immune to negative energy. (rN+++)
You do not regenerate when monsters are visible.
You are immune to unholy pain and torment.
You can survive without breathing.


Message History

Casting: Hailstorm (slightly dangerous; 17% risk of failure)
Confirm with . or Enter, or press ? or * to list all spells.
Aiming: Lee's Rapid Deconstruction (safe; 1% risk of failure)
Press: ? - help, Dir - move target cursor, f/p - orc warlord Fragment what (e.g. wall or brittle monster)?: an orc warlord, wielding a +3 great mace and wearing a +2 chain mail of fire resistance (lightly wounded, petrified)
The orc warlord shatters!
The orc warlord is lightly wounded.
Casting: Lee's Rapid Deconstruction (safe; 1% risk of failure)
Confirm with . or Enter, or press ? or * to list all spells.
Aiming: Lee's Rapid Deconstruction (safe; 1% risk of failure)
Press: ? - help, Dir - move target cursor, f/p - orc warlord Fragment what (e.g. wall or brittle monster)?: an orc warlord, wielding a +3 great mace and wearing a +2 chain mail of fire resistance (lightly wounded, petrified)
The orc warlord shatters!!
The orc warlord is moderately wounded.
Casting: Lee's Rapid Deconstruction (safe; 1% risk of failure)
Confirm with . or Enter, or press ? or * to list all spells.
Aiming: Lee's Rapid Deconstruction (safe; 1% risk of failure)
Press: ? - help, Dir - move target cursor, f/p - orc warlord Fragment what (e.g. wall or brittle monster)?: an orc warlord, wielding a +3 great mace and wearing a +2 chain mail of fire resistance (moderately wounded, petrified)
The orc warlord shatters!!
The orc warlord is moderately wounded.
You are feeling hungry.
Casting: Lee's Rapid Deconstruction (safe; 1% risk of failure)
Confirm with . or Enter, or press ? or * to list all spells.
You don't have enough magic to cast that spell.
Casting: Lee's Rapid Deconstruction (safe; 1% risk of failure)
Confirm with . or Enter, or press ? or * to list all spells.
Aiming: Sandblast (safe; 1% risk of failure)
Press: ? - help, Shift-Dir - straight line, f/p - orc warlord
Aim: an orc warlord, wielding a +3 great mace and wearing a +2 chain mail of fire resistance (moderately wounded, petrified)
The blast of sand hits the orc warlord.
The orc warlord is moderately wounded.
J - 61 stones
Casting: Sandblast (safe; 1% risk of failure)
Confirm with . or Enter, or press ? or * to list all spells.
Aiming: Sandblast (safe; 1% risk of failure)
Press: ? - help, Shift-Dir - straight line, f/p - orc warlord
Aim: an orc warlord, wielding a +3 great mace and wearing a +2 chain mail of fire resistance (moderately wounded, petrified)
The blast of sand hits the orc warlord but does no damage.
The orc warlord is moderately wounded.
J - 60 stones
Casting: Sandblast (safe; 1% risk of failure)
Confirm with . or Enter, or press ? or * to list all spells.
Aiming: Sandblast (safe; 1% risk of failure)
Press: ? - help, Shift-Dir - straight line, f/p - orc warlord
Aim: an orc warlord, wielding a +3 great mace and wearing a +2 chain mail of fire resistance (moderately wounded, petrified)
The blast of sand hits the orc warlord but does no damage.
The orc warlord is moderately wounded.
J - 59 stones The orc warlord is no longer petrified.
You see here a +0 flail.
All of the chunks of flesh in your inventory have rotted away.
There is a staircase back to the Dungeon here.
The orc warlord hits you with a +3 great mace!!
* * * LOW HITPOINT WARNING * * *
You climb upwards.
Welcome back to the Dungeon!
There is a staircase to the Orcish Mines here.
Casting: Sandblast (safe; 1% risk of failure)
Confirm with . or Enter, or press ? or * to list all spells.
You don't know that spell.
The orc warlord hits you with a +3 great mace!!
* * * LOW HITPOINT WARNING * * *
The orc warlord hits you with a +3 great mace!!!
You die...

..........# #...#...#.....#
..........# #...#...#.....#
..........# #...#####.....#
..........# #..........####
#####.....# #..........# ###
####### ### #####......#
#8###.###8###.#######......#
...#...#...#...#.≈≈≈#......#
)..............#@.≈≈#...####
...............'.o>≈#...#
...............#..≈≈#...#
...#...#...#...#.≈≈≈#...#
#8###8###8###.#######...#
#####################...#
#.....#.................#
......'..^..............#####
......####......##'###......#


You could see an orc warlord.

Vanquished Creatures
  3 hydras (D:11)
  A catoblepas (D:10)
  2 two-headed ogres
  An orc high priest (Orc:1)
  A deep elf knight (Orc:1)
  An orc knight (Orc:1)
  An ugly thing (D:11)
  An orc sorcerer (Orc:1)
  A cyclops (D:11)
  Maggie (D:9)
  2 trolls
  Prince Ribbit (D:6)
  3 hippogriffs
  A spriggan (D:10)
  20 yaks
  A wyvern (D:10)
  A hungry ghost (D:8)
  Menkaure (D:5)
  A warg (Orc:1)
  Duvessa (D:6)
  Purgy (Sewer)
  4 porcupines (D:11)
  3 black bears (D:11)
  18 orc warriors
  A sky beast (D:10)
  5 ice beasts
  2 phantoms
  2 necrophages (D:11)
  6 ogres
  4 centaurs
  3 crocodiles (D:11)
  A big kobold (D:9)
  12 bullfrogs
  Dowan (D:6)
  A howler monkey (D:8)
  4 crimson imps
  4 bullfrog zombies
  A centaur zombie (D:10)
  7 hounds
  16 orc priests
  4 jellies
  3 bullfrog skeletons
  Jessica (D:3)
  2 centaur skeletons (D:11)
  3 iguanas
  19 orc wizards
  7 worker ants
  2 hound skeletons (D:6)
  2 howler monkey zombies
  A worker ant zombie (D:8)
  7 gnolls
  5 adders
  3 shadow imps
  2 oozes
  An adder zombie (D:7)
  2 adder skeletons
  3 worms
  A dart slug (D:1)
  4 leopard geckos
  76 orcs
  A ball python (D:4)
  6 giant cockroaches
  6 goblins
  10 hobgoblins
  14 jackals
  12 kobolds
  A quokka (D:5)
  8 bats
  3 frilled lizards
  2 jackal skeletons
  A quokka skeleton (D:4)
  6 rats
359 creatures vanquished.

Vanquished Creatures (others)
  29 fungi (D:11)
  9 plants (D:11)
38 creatures vanquished.

Grand Total: 397 creatures vanquished

Notes
Turn   | Place    | Note
-------+----------+-------------------------------------------
     0 | D:1      | Amnesiac the Ghoul Earth Elementalist began the quest for
                  | the Orb.
     0 | D:1      | Reached XP level 1. HP: 14/14 MP: 2/2
   274 | D:1      | Reached XP level 2. HP: 10/20 MP: 0/4
   295 | D:1      | Learned a level 2 spell: Passwall
   369 | D:2      | Reached skill level 4 in Earth Magic
   439 | D:2      | Reached XP level 3. HP: 26/26 MP: 1/5
   937 | D:3      | Found a glowing drain.
   959 | D:3      | Noticed Jessica
   966 | D:3      | Reached XP level 4. HP: 32/33 MP: 2/6
   991 | D:3      | Killed Jessica
   991 | D:3      | Reached skill level 5 in Earth Magic
  1064 | Sewer    | Entered a sewer
  1186 | Sewer    | Noticed Purgy
  1195 | Sewer    | Killed Purgy
  1195 | Sewer    | Reached XP level 5. HP: 33/38 MP: 1/8
  1286 | D:4      | Reached skill level 6 in Earth Magic
  1292 | D:4      | Reached XP level 6. HP: 25/45 MP: 6/9
  1472 | D:4      | Reached skill level 7 in Earth Magic
  1497 | D:5      | Entered Level 5 of the Dungeon
  1558 | D:5      | Reached XP level 7. HP: 36/50 MP: 6/11
  1789 | D:5      | Found a shadowy altar of Dithmenos.
  1930 | D:5      | Found a shattered altar of Ashenzari.
  1954 | D:5      | Reached skill level 8 in Earth Magic
  2018 | D:5      | Learned a level 5 spell: Lee's Rapid Deconstruction
  2136 | D:5      | Noticed Menkaure
  2142 | D:5      | Killed Menkaure
  2142 | D:5      | Reached XP level 8. HP: 57/57 MP: 9/13
  2167 | D:5      | Found a staircase to the Ecumenical Temple.
  2178 | Temple   | Entered the Ecumenical Temple
  2467 | Temple   | Became a worshipper of Vehumet
  2715 | D:4      | Reached skill level 9 in Earth Magic
  4163 | D:2      | Found a glowing golden altar of the Shining One.
  4175 | D:2      | Found a shimmering blue altar of Sif Muna.
  4188 | D:2      | Found a white marble altar of Elyvilon.
  4223 | D:2      | Found a shimmering altar of Xom.
  4869 | D:6      | Noticed Dowan
  4911 | D:6      | Reached skill level 5 in Spellcasting
  4921 | D:6      | Killed Dowan
  5037 | D:6      | Found Bealon's Antique Weapon Shop.
  5081 | D:5      | Learned a level 4 spell: Petrify
  5111 | D:6      | Noticed Prince Ribbit
  5114 | D:6      | Killed Prince Ribbit
  5114 | D:6      | Reached skill level 10 in Earth Magic
  5493 | D:6      | Noticed Duvessa
  5525 | D:7      | Reached * piety under Vehumet
  5525 | D:7      | Offered knowledge of Shock by Vehumet.
  5529 | D:7      | Reached XP level 9. HP: 29/52 MP: 2/16
  5636 | D:6      | Killed Duvessa
  5751 | D:6      | Reached skill level 11 in Earth Magic
  6636 | D:7      | Found Jid Faonk's General Store.
  6644 | D:7      | Bought a scroll of fog for 30 gold pieces
  7419 | D:8      | Reached skill level 12 in Earth Magic
  7588 | D:8      | Found Hakuas's Magic Scroll Emporium.
  7596 | D:8      | Bought a scroll of magic mapping for 52 gold pieces
  7638 | D:8      | Reached XP level 10. HP: 59/69 MP: 11/19
  8127 | D:9      | Found the +0 mask of the Dragon {MR+ Slay+3 SInv}
  8245 | D:9      | Noticed a two-headed ogre
  8267 | D:9      | Killed a two-headed ogre
  8267 | D:9      | Reached skill level 13 in Earth Magic
  8418 | D:9      | Reached ** piety under Vehumet
  8418 | D:9      | Offered knowledge of Searing Ray by Vehumet.
  8674 | D:9      | Noticed Maggie
  8678 | D:9      | Killed Maggie
  8678 | D:9      | Offered knowledge of Static Discharge by Vehumet.
  9327 | D:10     | Entered Level 10 of the Dungeon
  9452 | D:10     | Reached *** piety under Vehumet
  9453 | D:10     | Reached skill level 14 in Earth Magic
  9617 | D:10     | Noticed a catoblepas
  9850 | D:10     | Reached skill level 1 in Fighting
  9950 | D:10     | Reached XP level 11. HP: 81/81 MP: 22/22
 10427 | D:10     | Killed a catoblepas
 10558 | D:11     | Reached skill level 5 in Fighting
 10565 | D:11     | Offered knowledge of Ignite Poison by Vehumet.
 10579 | D:11     | Noticed a two-headed ogre
 10812 | D:11     | Killed a two-headed ogre
 10821 | D:11     | Reached **** piety under Vehumet
 10858 | D:11     | Offered knowledge of Mephitic Cloud by Vehumet.
 10890 | D:11     | Reached skill level 5 in Dodging
 10959 | D:11     | Found a staircase to the Lair.
 10995 | D:11     | Noticed a cyclops
 11001 | D:11     | Killed a cyclops
 11151 | D:11     | Noticed a five-headed hydra
 11175 | D:11     | Killed a five-headed hydra
 11175 | D:11     | Reached XP level 12. HP: 104/104 MP: 16/23
 11193 | D:11     | Noticed a four-headed hydra
 11200 | D:11     | Killed a four-headed hydra
 11525 | D:11     | Reached ***** piety under Vehumet
 11541 | D:11     | Offered knowledge of Hailstorm by Vehumet.
 11565 | D:11     | Learned a level 4 spell: Hailstorm
 11640 | D:11     | Noticed a four-headed hydra
 11645 | D:11     | Killed a four-headed hydra
 11645 | D:11     | Reached skill level 1 in Ice Magic
 11941 | D:11     | Found a staircase to the Orcish Mines.
 11953 | Orc:1    | Entered Level 1 of the Orcish Mines
 11961 | Orc:1    | Reached skill level 10 in Fighting
 12071 | Orc:1    | Noticed a deep elf knight
 12244 | Orc:1    | Killed a deep elf knight
 12307 | Orc:1    | Noticed an orc warlord
 12307 | Orc:1    | Noticed an orc high priest
 12308 | Orc:1    | Noticed a soul eater
 12311 | Orc:1    | Killed an orc high priest
 12580 | D:11     | Demolished by an orc warlord

Levels and vault maps discovered:
D:1:      psy_arrival_whirlpool, layout_basic
D:2:      layout_rooms, grunt_temple_overflow_cloverleaf
D:3:      layout_rooms, portal_sewer_entry_c, uniq_jessica
D:4:      layout_rooms, first_ration
D:5:      layout_basic, minmay_temple_entry_mist, basic_altar,
          evilmike_ruin_ashenzari, uniq_menkaure
D:6:      layout_loops_ring, serial_shops, shop, hangedman_decor_peaks_small,
          grunt_decor_fettered, uniq_prince_ribbit1, uniq_duvessa
D:7:      layout_loops_corners, serial_shops, shop
D:8:      layout_cave_pods, serial_shops, shop_fountains
D:9:      layout_basic, special_room [special_room_orc], uniq_maggie
D:10:     layout_irregular_city, grunt_pizzeria, lemuel_old_faithful
D:11:     layout_irregular_city, due_lair_maze_entry_diamond, david_orc_4,
          lightli_fourway_metalbox
Temple:   dpeg_five_rooms_temple
Orc:1:    layout_caves, elf_legates

Skill      XL: |  1  2  3  4  5  6  7  8  9 10 11 12 |
---------------+-------------------------------------+-----
Spellcasting   | 2 3 4 5 6 8 |  8.4
Earth Magic    | 4 5 6 7 8 10 12 14 | 14.6
Fighting       | 2 9 10 | 10.0
Dodging        | 2 5 7 |  7.0
Ice Magic      | 3 |  3.2
Stealth        | |  2.1
Transmutations | |  0.8

Action                   |  1- 3 |  4- 6 |  7- 9 | 10-12 || total
-------------------------+-------+-------+-------+-------++-------
Melee: Unarmed           |    63 |       |       |       ||    63
 Fire: Hunting sling     |    13 |    77 |   305 |   217 ||   612
Throw: Dart              |       |       |     4 |       ||     4
 Cast: Sandblast         |    39 |    46 |   106 |   123 ||   314
       Lee's Rapid Decon |       |       |    19 |   117 ||   136
       Passwall          |       |       |     6 |       ||     6
       Petrify           |       |       |       |     2 ||     2
       Hailstorm         |       |       |       |     1 ||     1
Evoke: Wand              |       |       |       |     6 ||     6
  Use: Scroll            |     6 |     5 |    12 |     4 ||    27
       Potion            |       |       |     6 |       ||     6
  Eat: Chunk             |    15 |     5 |    27 |    56 ||   103
Armor: Robe              |    21 |       |    10 |    51 ||    82
       Ring mail         |     4 |    49 |    86 |       ||   139
Dodge: Dodged            |    75 |    63 |   104 |   131 ||   373

Table legend:
 A = Non-vault XP
 B = Vault XP
 C = Vault XP percentage of total XP
 D = Non-vault monster count
 E = Vault monster count
 F = Vault count percentage of total count
                 A         B        C        D         E       F
            +---------+---------+-------+---------+---------+-------
      Total |   20390 |    7521 |  26.9 |     281 |      78 |  21.7
            +---------+---------+-------+---------+---------+-------
        D:1 |      44 |       0 |   0.0 |      22 |       0 |   0.0
        D:2 |      39 |       0 |   0.0 |      15 |       0 |   0.0
        D:3 |      34 |      43 |  55.8 |      12 |       6 |  33.3
        D:4 |     562 |       0 |   0.0 |      26 |       0 |   0.0
        D:5 |     499 |     172 |  25.6 |      20 |       1 |   4.8
        D:6 |     708 |     478 |  40.3 |      17 |       3 |  15.0
        D:7 |     818 |       0 |   0.0 |      19 |       0 |   0.0
        D:8 |    1309 |       0 |   0.0 |      23 |       0 |   0.0
        D:9 |    1986 |     747 |  27.3 |      36 |      21 |  36.8
       D:10 |    2962 |     224 |   7.0 |      21 |       1 |   4.5
       D:11 |   10270 |    2409 |  19.0 |      47 |      33 |  41.2
      Orc:1 |    1159 |    3301 |  74.0 |      23 |       7 |  23.3
      Sewer |       0 |     147 | 100.0 |       0 |       6 | 100.0
            +---------+---------+-------+---------+---------+-------
